 Dungeon Crawl Stone Soup version 0.29-a0-542-g075992c915 (webtiles) character file.

Game seed: 16471445854533900572

14 Malachi the Chopper (level 2, -1/24 HPs)
             Began as a Ghoul Gladiator on June 4, 2022.
             Slain by a hobgoblin (2 damage)
             ... on level 1 of the Dungeon.
             The game lasted 00:00:27 (148 turns).

Malachi the Chopper (Ghoul Gladiator)                Turns: 148, Time: 00:00:27

Health: -1/24      AC:  4    Str: 17    XL:     2   Next: 45%
Magic:  1/1        EV: 12    Int:  3    God:
Gold:   32         SH:  0    Dex: 10    Spells: 1/1 levels left

rFire   . . .      SeeInvis .   a - +0 war axe
rCold   + . .      Faith    .   (no shield)
rNeg    + + +      Spirit   .   b - +0 leather armour
rPois   ∞          Reflect  .   c - +0 helmet
rElec   .          Harm     .   (no cloak)
rCorr   .          Rampage  .   (no gloves)
Will    .....                   (no boots)
Stlth   +.........              (no amulet)
HPRegen 0.00/turn               (no ring)
MPRegen 0.07/turn               (no ring)

@: inhibited regen
A: claws 1, cold resistance 1, negative energy resistance 3, inhibited
regeneration, torment resistance 2, devour on kill
a: no special abilities


You were on level 1 of the Dungeon.
You visited 1 branch of the dungeon, and saw 1 of its levels.

You collected 32 gold pieces.

Inventory:

Hand Weapons
 a - a +0 war axe (weapon)
Missiles
 d - 3 throwing nets (quivered)
 e - a javelin
Armour
 b - a +0 leather armour (worn)
 c - a +0 helmet (worn)
Potions
 f - a potion of ambrosia {unknown}


   Skills:
 + Level 2.2 Fighting
 + Level 3.0 Axes
 + Level 1.8 Throwing
 + Level 0.2 Armour
 + Level 2.9 Dodging


You had one spell level left.
You didn't know any spells.
Your spell library was empty.

Dungeon Overview and Level Annotations

Branches:
Dungeon (1/15)

Altars:


Innate Abilities, Weirdness & Mutations

You are immune to poison.
You have sharp fingernails.
Your flesh is cold resistant. (rC+)
You are immune to negative energy. (rN+++)
You do not regenerate when monsters are visible.
You are immune to unholy pain and torment.
You thrive by killing the living.


Message History

You are too injured to fight recklessly!
You are too injured to fight recklessly!
You are too injured to fight recklessly!
You are too injured to fight recklessly!
You are too injured to fight recklessly!
You are too injured to fight recklessly!
Unknown command.
You hit the ball python.
You kill the ball python!
You feel better.
You hit the hobgoblin. The hobgoblin barely misses you. The hobgoblin hits you.
The hobgoblin barely misses you.
You closely miss the hobgoblin. You hit the hobgoblin. The hobgoblin hits you.
* * * LOW HITPOINT WARNING * * *
The hobgoblin hits you.
* * * LOW HITPOINT WARNING * * *
You closely miss the hobgoblin.
The hobgoblin is heavily wounded.
You barely miss the hobgoblin.
The hobgoblin hits you but does no damage.
The hobgoblin hits you.
* * * LOW HITPOINT WARNING * * *
A rat comes into view.
You hit the hobgoblin but do no damage.
The hobgoblin is heavily wounded.
You hit the hobgoblin. The hobgoblin closely misses you.
The hobgoblin hits you but does no damage. x2
The hobgoblin barely misses you.
You hit the hobgoblin.
The hobgoblin is almost dead.
You barely miss the hobgoblin. The hobgoblin hits you.
* * * LOW HITPOINT WARNING * * *
The hobgoblin hits you.
* * * LOW HITPOINT WARNING * * *
Unknown command.
You barely miss the hobgoblin.
The hobgoblin is almost dead.
You hit the hobgoblin.
You kill the hobgoblin!
The hobgoblin hits you.
You die...

#.#####.# #. ..
#†###.#.# ##. ##.##
#.....#.# ##.. .....##
#.....#.# #..# .[$.r..
#.......###..# .......
#..........##.
.......####.########.##.
......$†....# #...#
.#g@....# #...# #......#
#.##. #........# #. #.
##.......# #...#
#....##.# #... #....##.#
#.. #....##.# ### #...##
.# #...


You could see a hobgoblin and a rat.

Vanquished Creatures
  A dart slug (D:1)
  2 goblins (D:1)
  2 hobgoblins (D:1)
  2 kobolds (D:1)
  2 quokkas (D:1)
  A ball python (D:1)
  2 frilled lizards (D:1)
12 creatures vanquished.

Notes
Turn   | Place    | Note
-------+----------+-------------------------------------------
     0 | D:1      | Malachi the Ghoul Gladiator began the quest for the Orb.
     0 | D:1      | Reached XP level 1. HP: 17/17 MP: 0/0
    41 | D:1      | Reached XP level 2. HP: 24/24 MP: 1/1
    72 | D:1      | Reached skill level 3 in Axes
   147 | D:1      | HP: 1/24 [hobgoblin (1)]
   148 | D:1      | Slain by a hobgoblin

Illustrated notes

Levels and vault maps discovered:
D:1:      lightli_iron_boxes, layout_basic, minmay_misc_feat_nine_boxes,
          minmay_tromino_v2

Skill      XL: |  1  2 |
---------------+-------+-----
Axes           | 3 |  3.0
Fighting       | |  2.2
Throwing       | |  1.8
Armour         | |  0.2
Dodging        | |  2.9

Action                   || total
-------------------------++-------
Melee: War axe           ||    28
Armor: Leather armour    ||    13
Dodge: Dodged            ||    25

Table legend: (Time is in decaauts)
 A = Elapsed time spent in this place.
 B = Non-inter-level travel time spent in this place.
 C = Inter-level travel time spent in this place.
 D = Time resting spent in this place.
 E = Time spent auto-exploring this place.
 F = Levels seen in this place.
 G = Mean time per level.
                   A        B        C        D        E       F      G
               +--------+--------+--------+--------+--------+-----+--------+
         Total |    157 |    157 |      0 |      0 |    104 |   1 |  157.0 |
       Dungeon |    157 |    157 |      0 |      0 |    104 |   1 |  157.0 |
               +--------+--------+--------+--------+--------+-----+--------+

Top non-repeatable levels by time:
     D:1: 157 daAuts
